 Dungeon Crawl Stone Soup version bcrawl-1.39.1 (webtiles) character file.

Game seed: 9790348261627193418

7501920 Artagas the Blinker (level 18, -33/100 HPs)
             Began as a Felid Warper on July 25, 2023.
             Was a High Priest of Nemelex Xobeh.
             Shot with a bolt by a yaktaur captain (38 damage)
             ... on level 5 of the Depths on Oct 6, 2023.
             The game lasted 07:43:41 (63940 turns).

Artagas the Blinker (Felid Warper)                 Turns: 63940, Time: 07:43:43

Health: -33/100    AC:  6    Str:  7    XL:     18   Next: 87%
Magic:  14/39      EV: 31    Int: 20    God:    Nemelex Xobeh [*****.]
Gold:   1681       SH:  0    Dex: 18    Spells: 0/49 levels left
                                        Lives:  0   Deaths: 5

rFire    + . .     GDR:     29%   - Teeth and claws (12.1)
rCold    + + .     SeeInvis +   (shield unavailable)
rNeg     . . .     Gourm    .   (armour unavailable)
rPois    .         Faith    .   (helmet unavailable)
rElec    +         Spirit   .   z - scarf {rC+ rF+}
rCorr    .         Reflect  .   (gloves unavailable)
MR       ++...                  (boots unavailable)
Stlth    +++++++...             R - amulet of magic regeneration
HPRegen  0.26/turn              d - ring of insulation
MPRegen  0.64/turn              p - +3 ring of protection

@: very slightly contaminated, starving, invisible, quick
A: very small, no armour, no weapons or thrown items, stealth, claws 1, fangs 3,
see invisible, carnivore, speed 1, shaggy fur 3, slow metabolism 1, sharp paws
}: 3/15 runes: decaying, abyssal, gossamer
a: Draw Escape, Draw Destruction, Draw Summoning, Draw Stack, Triple Draw, Deal
Four, Stack Five, Renounce Religion


You were on level 5 of the Depths.
You worshipped Nemelex Xobeh.
Nemelex Xobeh was extremely pleased with you.
You were starving.

You visited 10 branches of the dungeon, and saw 37 of its levels.
You visited the Abyss 2 times.
You also visited: Bailey.

You collected 4924 gold pieces.
You spent 3243 gold pieces at shops.

Inventory:

Armour
 z - a scarf of resistance (worn)
   (You acquired it on level 4 of the Depths)
Jewellery
 c - an uncursed ring of protection from cold
   (You found it on level 9 of the Dungeon)
 d - a ring of insulation (left paw)
   (You took it off an orc on level 3 of the Dungeon)
 f - an uncursed ring of protection from fire
   (You found it on level 12 of the Dungeon)
 k - an uncursed ring of resist corrosion
   (You found it on level 4 of the Dungeon)
 m - an uncursed ring of protection from magic
   (You found it on level 2 of the Swamp)
 o - an uncursed ring of poison resistance
   (You found it on level 6 of the Dungeon)
 p - a +3 ring of protection (right paw)
   (You bought it in a shop in the Orcish Mines)
 r - an uncursed amulet of the acrobat
   (You found it on level 1 of the Swamp)
 u - a +4 ring of evasion
   (You found it on level 1 of the Spider Nest)
 A - a +4 amulet of reflection
   (You found it on level 1 of the Spriggan Forest)
 F - an uncursed ring of wizardry
   (You bought it in a shop in the Orcish Mines)
 G - an uncursed amulet of the gourmand
   (You found it on level 1 of the Lair of Beasts)
 I - an uncursed ring of magical power
   (You found it on level 2 of the Lair of Beasts)
 Q - an uncursed ring of protection from magic
   (You found it on level 5 of the Abyss)
 R - an amulet of magic regeneration (around neck)
   (You found it on level 11 of the Dungeon)
Wands
 a - a wand of clouds (8)
   (You found it on level 3 of the Abyss)
 i - a wand of polymorph (20)
   (You took it off Nergalle on level 2 of the Lair of Beasts)
 v - a wand of digging (8)
   (You found it on level 1 of the Lair of Beasts)
 B - a wand of paralysis (10)
   (You found it on level 7 of the Dungeon)
 D - a wand of charming (30)
   (You found it on level 7 of the Dungeon)
 J - a wand of iceblast (6)
   (You found it on level 1 of the Lair of Beasts)
 K - a wand of disintegration (4)
   (You found it on level 1 of the Lair of Beasts)
 T - a wand of acid (19)
   (You found it on level 3 of the Dungeon)
Scrolls
 b - 5 scrolls of noise
 j - 6 scrolls of revelation
 t - a scroll of teleportation
 H - a scroll of summoning
 M - a scroll of silence
 O - a scroll of fear
 P - 3 scrolls of torment
 U - 11 scrolls of remove curse
 Z - 3 scrolls of vulnerability
Potions
 g - a potion of lignification
 h - 2 potions of haste
 l - 2 potions of magic
 n - 2 potions of resistance
 q - 5 potions of curing
 s - 2 potions of agility
 x - 7 potions of brilliance
 E - 4 potions of cancellation
 L - 4 potions of flight
 N - 7 potions of mutation
 W - 5 potions of might
 X - 2 potions of berserk rage
Miscellaneous
 w - a lamp of fire
   (You found it on level 3 of the Depths)
 S - a sack of spiders
   (You found it on level 5 of the Lair of Beasts)
 V - a lightning rod (3/4)
   (You found it on level 1 of the Spider Nest)
Comestibles
 e - 45 rations {!d}


   Skills:
 - Level 13.0 Fighting
 - Level 15.0 Dodging
 - Level 16.0 Stealth
 - Level 6.0 Unarmed Combat
 - Level 16.0 Spellcasting
 - Level 13.0 Hexes
 + Level 14.4 Summonings
 - Level 16.0 Translocations
 - Level 14.0 Invocations
 - Level 8.0 Evocations


You couldn't memorise any spells.
You knew the following spells:

 Your Spells              Type           Power        Failure   Level  Hunger
a - Confuse               Hex            ######..     1%          3    None
b - Summon Mana Viper     Hex/Summ       ######..     1%          5    None
c - Monstrous Menagerie   Summ           ######....   9%          7    ####...
d - Controlled Blink      Tloc           ######..     4%          7    ####...
e - Passage of Golubria   Tloc           N/A          1%          5    None
f - Apportation           Tloc           ######       0%          1    None
g - Aura of Abjuration    Summ           ######....   1%          6    ##.....
h - Dispersal             Tloc           ######....   1%          6    ##.....
j - Blink                 Tloc           N/A          0%          2    None
k - Malign Gateway        Summ/Tloc      ######....   6%          7    ####...

Your spell library contained the following spells:

 Spells                   Type           Power        Failure   Level  Hunger
 Blink Other              Tloc           ######       0%          1    None
 Beckoning                Tloc           ######....   0%          3    None
 Teleport Other           Tloc           ######..     0%          3    None
 Corona                   Hex            ######.      1%          1    None
 Ensorcelled Hibernation  Hex/Ice        #####.       1%          2    None
 Shackle                  Hex            ######..     1%          2    None
 Call Canine Familiar     Summ           ######..     1%          3    None
 Dazzling Orbs            Conj/Hex       #####..      1%          3    None
 False Image              Hex/Summ       ######..     1%          3    None
 Inner Flame              Hex/Fire       N/A          1%          3    None
 Cause Fear               Hex            ######....   1%          4    None
 Force Lance              Tloc           ######..     1%          4    None
 Summon Ice Beast         Ice/Summ       #####...     1%          4    None
 Summon Hydra             Summ           ######....   1%          6    ##.....
 Throw Frost              Conj/Ice       ###...       2%          2    None
 Fulminant Prism          Conj/Hex       #####.....   2%          4    None
 Yara's Violent Unravell  Hex/Tmut       #####.....   2%          4    None
 Darkness                 Hex            ######....   2%          6    ##.....
 Flame Tongue             Conj/Fire      ###..        3%          1    None
 Freeze                   Ice            ###...       3%          1    None
 Sandblast                Erth           ###...       3%          1    None
 Passwall                 Tmut/Erth      ###.....     5%          2    None
 Silence                  Hex/Air        #####.....   7%          5    None
 Shadow Creatures         Summ           N/A          9%          7    ####...
 Summon Greater Demon     Summ           ######....   9%          7    ####...
 Conjure Flame            Conj/Fire      ###.....     11%         3    None
 Ozocubu's Armour         Chrm/Ice       ###.....     11%         3    None
 Stone Arrow              Conj/Erth      ###...       11%         3    None
 Ice Form                 Ice/Tmut       ###.....     36%         4    None
 Petrify                  Tmut/Erth      ###.......   36%         4    None
 Sticky Flame             Conj/Fire      ###.....     36%         4    None
 Throw Icicle             Conj/Ice       ###.....     36%         4    None
 Summon Horrible Things   Summ           ######....   54%         8    ######.
 Infestation              Hex/Tmut/Pois  ####.....    69%         6    ##.....
 Fireball                 Conj/Fire      ###.......   71%         5    None
 Lee's Rapid Deconstruct  Erth           ###.......   71%         5    None
 Haunt                    Necr/Summ      #####.....   86%         7    ####...
 Spellforged Servitor     Conj/Summ      #####.....   86%         7    ####...
 Borgnjor's Vile Clutch   Necr/Erth      ###.......   99%         6    ##.....
 Conjure Ball Lightning   Conj/Air       ###.......   99%         6    ##.....
 Orb of Destruction       Conj           ###.......   100%        7    ####...
 Time Stop                Chrm/Tloc      N/A          100%        8    ######.
 Portal Projectile        Tloc           Unusable     N/A         3    N/A
 Flaming Arrows           Chrm/Fire      Unusable     N/A         2    N/A

Dungeon Overview and Level Annotations

Branches:
Dungeon (12/12)            Temple (0/1) D:7            Lair (6/6) D:8
  Swamp (3/3) Lair:3       Spider (3/3) Lair:3        Slime (0/5) Orc
    Orc (1/1) D:8          Vaults (2/3) D:11         Forest (3/3) Lair:6
  Crypt (1/2) Vaults:1     Depths (5/5) D:12           Hell (1/1)
    Dis: Hell:1         Geh: Hell:1         Coc: Hell:1         Tar: Hell:1
    Zot: Depths:5

Altars:
Fedhas
Gozag
Kikubaaqudgha
Lugonu
Nemelex Xobeh
Qazlal
Ru
Trog
Uskayaw
Wu Jian
Xom
Yredelemnul
Jiyva

Shops:
D:4 [[[[*   D:5 :   D:6 %   D:7 (   D:8 [(%   D:9 [   D:10 *   Orc !(=%
Vaults:1 *   Vaults:2 !   Depths:5 ==}

Portals:
Hell: Depths:1 Depths:2 Depths:3 Depths:4
Abyss: Depths:3 Depths:4 Depths:5
Pandemonium: Depths:1 Depths:3 Depths:4
Trove: D:9 (give 7 potions of agility)

Annotations:
D:5 3 runed translucent doors, kosoiffoigrumme1174's ghost, novice TrAc
D:10 3 runed translucent doors, Turbognida's ghost, journeyman GnAc
Lair:1 Fannar
Lair:2 exclusions: ice statue and oklob plant
Lair:4 exclusion: oklob plant
Lair:5 exclusion: 3 oklob plants
Swamp:1 2 transporters, captivecurve's ghost, journeyman TrMA
Spider:2 exclusion: orange crystal statue Orc 1 runed door, tronn's ghost, journeyman HuFi
Vaults:2 exclusion: door
Forest:2 exclusion: elemental wellspring
Forest:3 the Enchantress
Depths:1 exclusion: obsidian statue
Depths:2 Bai Suzhen
Depths:3 3 exclusions
Hell Geryon


Innate Abilities, Weirdness & Mutations

You cannot wear almost all types of armour.
You are incapable of wielding weapons or throwing items.
Your paws allow you to move quietly. (Stealth)
You have sharp claws.
You have razor-sharp teeth.
You have supernaturally acute eyesight. (SInv)
You are carnivorous and can eat meat at any time.
You cover ground quickly.
Your thick and shaggy fur keeps you warm. (AC +3, rC+)
You have a slow metabolism.
Your sharp claws are effective at attacking unaware monsters.


Message History

Anything else - Cancel.
You meow for attention!
You start waiting.
The portal closes; something is severed.
Things that are here:
a +2 antimagic rapier; a +0 animal skin
There is a stone staircase leading up, spattered with blood here.
You start waiting.
You are feeling very hungry.
Things that are here:
a +2 antimagic rapier; a +0 animal skin
Things that are here:
a +0 halberd of protection; a +0 chain mail; a +0 trident of protection What are your orders? t - Meow!
Orders for allies: a - Attack new target. r - Retreat! s - Stop attacking. g - Guard the area. f - Follow me.
Anything else - Cancel.
You meow for attention!
You start waiting.
Done waiting.
Things that are here:
a +0 long sword; a +0 cloak; a purple draconian corpse You see here a +0 halberd.
What are your orders? t - Meow!
Orders for allies: a - Attack new target. r - Retreat! s - Stop attacking. g - Guard the area. f - Follow me.
Anything else - Cancel.
You meow for attention!
You start waiting.
Done waiting.
You see here a +0 halberd.
What are your orders? t - Meow!
Orders for allies: a - Attack new target. r - Retreat! s - Stop attacking. g - Guard the area. f - Follow me.
Anything else - Cancel.
You meow for attention!
You hear a roar!
You hear a shout!
You start waiting.
A yaktaur captain comes into view.
It is wielding a +0 arbalest and carrying a wand of random effects (12).
Casting: Malign Gateway (slightly dangerous; 6% risk of failure)
Confirm with . or Enter, or press ? or * to list all spells.
A gateway cannot be opened in this cramped space!
Casting: Malign Gateway (slightly dangerous; 6% risk of failure)
Confirm with . or Enter, or press ? or * to list all spells.
Aiming: Confuse (safe; 1% risk of failure)
Press: ? - help, Shift-Dir - straight line, f - yaktaur captain
Aim: a yaktaur captain, wielding a +0 arbalest, quivering 156 bolts and carrying a wand of random effects (12) (chance to defeat MR: 42%)
Okay, then.
Casting: Confuse (safe; 1% risk of failure)
Confirm with . or Enter, or press ? or * to list all spells.
Blink to where?
Press: ? - help, Dir - move target cursor You are very lightly contaminated with residual magic.
You are near starving!
Casting: Controlled Blink (slightly dangerous; 4% risk of failure)
Confirm with . or Enter, or press ? or * to list all spells.
Blink to where?
Press: ? - help, Dir - move target cursor
Casting: Controlled Blink (slightly dangerous; 4% risk of failure)
Confirm with . or Enter, or press ? or * to list all spells.
Aiming: Passage of Golubria (safe; 1% risk of failure)
Press: ? - help, Dir - move target cursor You enter the passage of Golubria.
There is a passage of Golubria here.
You start resting.
The yaktaur captain is too close now for your liking.
Casting: Passage of Golubria (safe; 1% risk of failure)
Confirm with . or Enter, or press ? or * to list all spells.
The dungeon shakes, a horrible noise fills the air, and a portal to some otherworldly place is opened!
The yaktaur captain shoots a bolt.
The bolt hits you!!
Casting: Malign Gateway (slightly dangerous; 6% risk of failure)
Confirm with . or Enter, or press ? or * to list all spells.
You summon a manticore!
You are starving!
The yaktaur captain shoots a bolt.
The bolt hits you!!!
You don't have the energy to cast spells.
Okay, then.
Okay, then.
You feel better.
The yaktaur captain shoots a bolt.
The bolt hits you!!!
* * * LOW HITPOINT WARNING * * *
Your manticore flicks its tail.
The volley of spikes hits the yaktaur captain!
Okay, then.
Okay, then.
Okay, then.
Okay, then.
Press: ? - help, v - describe, . - travel
Here: a yaktaur captain, wielding a +0 arbalest, quivering 153 bolts and carrying a wand of random effects (12) (moderately wounded, skewered by barbs) Unknown command.
Okay, then.
Okay, then.
You fade into invisibility!
The yaktaur captain shoots a bolt.
The bolt hits you!!!
You die...
Your body glows with a rainbow of weird colours and disappears.

+*++,** #∩.#..........#.......
,,,+** #..#............#.#...
,∩,** #..§)...............#?
,,,+** #..###c.(..#....#.#.#.
+*++,** #..#.#)...............
***,,,** *#.c#.....)...#........
* **,,,** *...#..H[[.............
**,,,**#..###..§§)..##...(...†
**,,,*...#..@§w....##.....[.<
**,,...##.).§§§)#...........
**....##<..##).#.......####
***,,,,##....##.#######.#####
*****,,,,,##....#≈#.#♣♣♣♣♣#######
,,,,,,,,###....)≈≈#.#♣...♣♣######
,,,,,,**#.)...≈..≈#.#♣..∩.♣♣#####
*,******..(##....≈#.#♣.....♣#####
*,,,,,,#...*##...≈#..∩.⌠.∩.♣


You could see a yaktaur captain, a friendly eldritch tentacle and a friendly
manticore.

Vanquished Creatures
  A juggernaut (Depths:3)
  A wendigo (Forest:2)
  2 thorn hunters
  Kirke (D:11)
  An emperor scorpion (Spider:1)
  A stone giant (Depths:2)
  3 ironheart preservers
  A spriggan defender (Forest:3)
  A dire elephant (Vaults:1)
  A deep elf annihilator (Vaults:2)
  2 spark wasps
  Josephine (Lair:6)
  An ettin (Lair:5)
  A yaktaur captain (Vaults:2)
  3 hydras
  2 ghost crabs
  5 alligators
  An anaconda (Depths:1)
  A satyr (Forest:3)
  2 spriggan berserkers
  2 death yaks
  2 deep troll shamans
  3 deep troll earth magi
  An orc high priest (Orc)
  4 thrashing horrors (Abyss:3)
  4 deep trolls
  A wretched star (Abyss:3)
  3 centaur warriors
  A spriggan druid (Forest:3)
  2 orc knights (Bailey)
  An ironheart convoker (Vaults:2)
  2 wizards
  3 orb spiders
  A cyclops (D:11)
  8 wolf spiders
  2 fauns (Forest:3)
  An ugly thing (Vaults:1)
  A worldbinder (Abyss:4)
  3 will-o'-wisps
  An elephant (Lair:6)
  A vault sentinel (Vaults:1)
  A water nymph (Forest:3)
  5 cane toads
  A kobold demonologist (D:12)
  A rime drake (Lair:1)
  A jumping spider (Spider:3)
  A human zombie (Vaults:2)
  A demonic crawler (Lair:3)
  A komodo dragon (Lair:1)
  3 yaktaurs (Vaults:1)
  A troll (D:11)
  An ancient zyme (Abyss:3)
  A snapping turtle (Abyss:4)
  2 bog bodies
  A tyrant leech (Spider:2)
  A hornet (D:12)
  2 harpy skeletons (D:11)
  5 blink frogs (Lair:4)
  3 slime creatures
  A hippogriff (shapeshifter) (D:12)
  5 hippogriffs
  A snapping turtle (shapeshifter) (Depths:4)
  3 starcursed masses (Abyss:3)
  5 hogs (D:11)
  2 wyverns
  3 water elementals
  3 wraiths (Lair:6)
  2 tarantellas
  8 yaks
  3 basilisks
  2 vampire mosquitoes
  11 redbacks
  A warg (Vaults:2)
  An acid dragon (D:11)
  9 crocodiles
  A hell hound (Abyss:3)
  6 swamp worms
  8 water moccasins
  3 porcupines
  A meliai simulacrum (D:11)
  4 ice beasts
  14 orc warriors
  2 sky beasts
  2 phantoms
  A black bear (Lair:3)
  8 boggarts
  4 ogres
  6 wolves
  5 bullfrogs
  5 kobold brigands
  2 centaurs
  2 scorpions (D:7)
  7 killer bees
  A wight (D:6)
  2 howler monkeys (D:10)
  5 orc priests
  8 electric eels
  6 crimson imps
  2 jellies
  A quasit (D:9)
  2 bullfrog skeletons
  2 hounds (D:4)
  3 iguanas
  2 orc wizards
  6 worker ants
  A hell rat (Lair:2)
  A hound zombie (D:7)
  2 hound skeletons
  A howler monkey skeleton (D:7)
  15 adders
  A shadow imp (D:12)
  A white imp (Lair:2)
  An ufetubus (Abyss:3)
  An ooze (D:2)
  An adder skeleton (D:6)
  2 adder zombies
  3 worms
  A dart slug (D:1)
  3 leopard geckos
  34 orcs
  A ball python (D:2)
  4 bats (D:1)
  4 giant cockroaches
  8 goblins
  9 hobgoblins
  5 jackals
  10 kobolds
  8 quokkas
  A frilled lizard (D:1)
  7 rats
  A briar patch (Swamp:2)
  2 fungi
  4 plants
424 creatures vanquished.

Vanquished Creatures (collateral kills)
  A juggernaut (Depths:5)
  2 golden dragons
  A rockslime (Depths:4)
  A caustic shrike (Forest:3)
  Nikola (Depths:1)
  3 liches
  4 tentacled monstrosities
  3 wendigos
  2 sphinxes (Depths:2)
  2 thorn hunters
  A storm dragon (Depths:4)
  2 greenwood witches
  A war gargoyle (Vaults:1)
  9 apis (Forest:2)
  7 fire giants
  6 vault wardens
  6 frost giants
  2 ghost moths
  An iron dragon (Depths:4)
  Louise (Swamp:3)
  An orc warlord (Vaults:2)
  An emperor scorpion (Spider:1)
  A draconian stormcaller (Depths:5)
  11 stone giants
  3 vampire knights
  4 ironheart preservers
  19 very ugly things
  6 spriggan defenders
  3 elemental wellsprings (Forest:2)
  2 deep elf annihilators
  2 yellow draconians (Depths:5)
  An entropy weaver (Spider:2)
  12 dire elephants
  A starcursed mass (Abyss:3)
  13 spark wasps
  5 ettins
  4 fire dragons
  10 yaktaur captains
  A deep elf high priest (Depths:4)
  18 hydras
  3 vault guards
  13 ice dragons
  A ghost crab (Swamp:1)
  Psyche (D:10)
  4 rakshasas
  3 spriggan air magi
  A shadow wraith (Vaults:2)
  5 shambling mangroves
  9 great orbs of eyes
  3 anacondas
  2 satyrs
  14 two-headed ogres
  4 deep troll earth magi
  Sonja (Lair:6)
  4 ogre magi
  4 alligators
  2 ironheart beastmasters
  20 death yaks
  8 deep troll shamans
  A death yak (shapeshifter) (Vaults:1)
  A vampire mage (Depths:5)
  2 thrashing horrors (Abyss:3)
  3 orc high priests (Orc)
  5 spriggan berserkers
  3 soul eaters (Depths:1)
  Nergalle (Lair:2)
  17 deep trolls
  18 spriggans
  3 sun demons
  17 centaur warriors
  2 deep elf knights (Vaults:2)
  5 iron trolls (Depths:1)
  A skeletal warrior (D:8)
  3 unseen horrors (Depths:3)
  A titan skeleton (Depths:4)
  5 glowing orange brains
  2 spriggan druids
  A glowing orange brain (shapeshifter) (Depths:2)
  8 swamp dragons
  2 shadow demons
  A wolf spider zombie (D:12)
  3 deep elf archers
  4 wizards
  3 orc knights
  A shadow dragon zombie (Depths:4)
  2 cyclopes
  A lindwurm (shapeshifter) (Vaults:2)
  3 necromancers
  10 ironheart convokers
  A shining eye (Depths:1)
  4 orb spiders
  28 ugly things
  2 orc sorcerers (Orc)
  An oklob plant (Forest:2)
  3 fauns (Forest:3)
  11 wolf spiders
  3 deep elf magi
  3 elephants (Lair:6)
  9 will-o'-wisps
  2 rust devils
  A moth of wrath (Spider:2)
  6 vault sentinels
  2 water nymphs (Forest:2)
  4 orange demons (Depths:1)
  2 smoke demons (Abyss:3)
  A gargoyle (D:9)
  9 jumping spiders
  A hellion (Depths:2)
  2 human skeletons (Vaults:2)
  A tormentor (Abyss:3)
  9 cane toads
  A rime drake (Lair:2)
  An eye of draining (D:10)
  A freezing wraith (Vaults:1)
  43 yaktaurs
  6 demonic crawlers
  2 komodo dragons
  2 hellwings (Abyss:3)
  An ancient zyme (Abyss:3)
  3 red devils
  6 trolls
  A meliai (Spider:3)
  2 polar bears
  6 tyrant leeches
  4 hippogriffs
  20 hornets
  A shadow dragon simulacrum (Depths:4)
  2 raiju (Abyss:3)
  6 bog bodies
  22 slime creatures
  2 frost giant simulacra (Depths:4)
  A blink frog (shapeshifter) (Depths:2)
  A blink frog (Lair:4)
  A raiju (shapeshifter) (Depths:3)
  A tarantella (Spider:2)
  A stone giant simulacrum (Vaults:2)
  A vampire (D:11)
  A wyvern (Lair:4)
  13 water elementals
  A hungry ghost (D:8)
  5 vampire mosquitoes
  4 chaos spawn
  12 yaks
  16 redbacks
  2 human simulacra (Vaults:2)
  A warg (Vaults:2)
  2 water moccasins
  2 crocodiles
  14 swamp worms
  2 spatial vortices
  4 large abominations (Depths:3)
  4 porcupines
  A hell hound (Depths:2)
  A floating eye (Depths:4)
  6 swamp drakes
  18 orc warriors
  A soldier ant (D:11)
  4 ice beasts
  A sky beast (D:7)
  11 ogres
  A necrophage (D:10)
  3 small abominations (Depths:3)
  13 boggarts
  2 elephant zombies (Lair:5)
  8 wolves (Lair:4)
  4 bullfrogs
  2 kobold brigands
  A komodo dragon zombie (Lair:5)
  2 centaurs
  A scorpion (D:9)
  A scorpion (shapeshifter) (Depths:4)
  6 killer bees
  2 electric eels
  A howler monkey (D:10)
  18 orc priests
  6 crimson imps
  A hound (D:9)
  A quasit (D:7)
  12 orc wizards
  3 iron imps (Depths:1)
  A basilisk zombie (Lair:5)
  3 worker ants
  6 hell rats
  A crocodile zombie (Lair:5)
  A hound skeleton (D:9)
  A worker ant zombie (D:10)
  2 adders
  4 shadow imps
  3 white imps
  A worm (shapeshifter) (Depths:2)
  37 orcs
  5 kobolds (D:12)
  A quokka skeleton (D:6)
  A butterfly (Lair:6)
  2 plants (Forest:3)
931 creatures vanquished.

Vanquished Creatures (others)
  A lich (Depths:5)
  39 eldritch tentacles
  An iron dragon (Depths:4)
  2 very ugly things (Depths:1)
  An ettin (Vaults:2)
  A great orb of eyes (Depths:1)
  A deep troll shaman (Depths:1)
  2 unseen horrors (Depths:3)
  2 orb spiders
  A will-o'-wisp (Swamp:1)
  A hippogriff (D:9)
  A hornet (Spider:3)
  A tarantella (Spider:3)
  10 redbacks
  A porcupine (Lair:2)
  An orc warrior (D:12)
  A boggart (Depths:2)
  An ogre (D:7)
  A centaur (D:7)
  A killer bee (D:9)
  A ball lightning (Vaults:1)
  3 briar patches (Swamp:2)
  A bush (Lair:4)
  A fire vortex (Lair:4)
  10 fungi
  196 plants
  2 starspawn tentacles (Abyss:4)
284 creatures vanquished.

Grand Total: 1639 creatures vanquished

Notes
Turn   | Place    | Note
-------+----------+-------------------------------------------
     0 | D:1      | Artagas the Felid Warper began the quest for the Orb.
     0 | D:1      | Reached XP level 1. HP: 11/11 MP: 4/4
   100 | D:1      | Reached skill level 1 in Stealth
   108 | D:1      | Reached skill level 3 in Dodging
   109 | D:1      | Reached XP level 2. HP: 8/15 MP: 6/6
   370 | D:1      | Reached skill level 5 in Translocations
   490 | D:1      | Learned a level 2 spell: Blink
   547 | D:1      | Reached skill level 2 in Stealth
  1274 | D:2      | Reached XP level 3. HP: 18/18 MP: 7/7
  1580 | D:2      | Found a sacrificial altar of Ru.
  1917 | D:2      | Reached skill level 1 in Unarmed Combat
  2314 | D:3      | Reached skill level 3 in Stealth
  2461 | D:3      | Reached XP level 4. HP: 23/23 MP: 8/8
  2725 | D:3      | Reached skill level 2 in Unarmed Combat
  2880 | D:2      | Learned a level 3 spell: Teleport Other
  3007 | D:3      | Reached skill level 4 in Stealth
  3009 | D:3      | Noticed an ogre
  3010 | D:3      | Reached skill level 3 in Unarmed Combat
  3010 | D:3      | Reached XP level 5. HP: 26/26 MP: 9/9
  3319 | D:3      | Found a bloodstained altar of Trog.
  3399 | D:3      | Reached skill level 5 in Stealth
  3609 | D:4      | Noticed a sky beast
  3610 | D:4      | Reached skill level 3 in Fighting
  3749 | D:4      | Found Zoleups's General Store.
  3753 | D:4      | Noticed an ogre
  3754 | D:4      | Reached skill level 4 in Unarmed Combat
  3754 | D:4      | Gained mutation: You are covered in thick fur. (AC +2)
                  | [Felid growth]
  3754 | D:4      | Reached XP level 6. HP: 32/32 MP: 10/10
  3757 | D:4      | Bought a potion of curing for 30 gold pieces
  3855 | D:4      | Found a sparkling altar of Nemelex Xobeh.
  3867 | D:4      | Became a worshipper of Nemelex Xobeh the Trickster
  4019 | D:4      | Reached skill level 6 in Stealth
  4249 | D:4      | Bought a potion of flight for 48 gold pieces
  4337 | D:4      | Received a gift from Nemelex Xobeh
  4389 | D:4      | Found a shimmering altar of Xom.
  4413 | D:4      | Found Iteijum's Armour Boutique.
  4424 | D:4      | Found Untism's Antique Armour Shoppe.
  4433 | D:4      | Found Pydaa's Antique Armour Shoppe.
  4460 | D:4      | Found Qil Pem's Antique Armour Boutique.
  4492 | D:5      | Entered Level 5 of the Dungeon
  4586 | D:5      | Reached skill level 7 in Stealth
  4586 | D:5      | Reached skill level 1 in Invocations
  4586 | D:5      | Reached XP level 7. HP: 36/36 MP: 11/11
  4645 | D:5      | Found Banynaa's Book Boutique.
  4647 | D:5      | Found a runed translucent gate.
  4647 | D:5      | Found a runed translucent gate.
  4648 | D:5      | Noticed kosoiffoigrumme1174's ghost (novice TrAc)
  4649 | D:5      | Reached skill level 3 in Invocations
  4649 | D:5      | Reached skill level 1 in Evocations
  4652 | D:5      | Found a runed translucent gate.
  4653 | D:5      | Reached skill level 2 in Evocations
  4932 | D:5      | Reached skill level 3 in Evocations
  5009 | D:5      | Reached * piety under Nemelex Xobeh
  5056 | D:6      | Received a gift from Nemelex Xobeh
  5080 | D:6      | Reached skill level 3 in Spellcasting
  5094 | D:6      | Learned a level 5 spell: Passage of Golubria
  5187 | D:6      | Reached skill level 6 in Translocations
  5189 | D:6      | Reached XP level 8. HP: 24/40 MP: 6/13
  5203 | D:6      | Shot with an arrow by a centaur
  5204 | D:6      | Reached XP level 7. HP: -5/36 MP: 5/12
  5421 | D:6      | Found a blossoming altar of Fedhas.
  5528 | D:6      | Reached skill level 7 in Translocations
  5603 | D:6      | Found Cerenote's Food Emporium.
  5635 | D:6      | Received a gift from Nemelex Xobeh
  5727 | D:6      | Noticed an eye of draining
  5728 | D:6      | Reached skill level 8 in Translocations
  5731 | D:6      | an eye of draining changed into a worm
  5923 | D:7      | Reached ** piety under Nemelex Xobeh
  6059 | D:7      | Reached skill level 9 in Translocations
  6060 | D:7      | Noticed an eye of draining
  6061 | D:7      | Reached skill level 4 in Spellcasting
  6061 | D:7      | Reached XP level 8. HP: 40/40 MP: 12/15
  6076 | D:7      | Noticed a troll
  6077 | D:7      | Reached skill level 4 in Dodging
  6079 | D:7      | Reached skill level 5 in Dodging
  6181 | D:7      | Found a stormy altar of Qazlal.
  6198 | D:7      | Found Zawkit's Antique Weapon Emporium.
  6231 | D:7      | Received a gift from Nemelex Xobeh
  6255 | D:7      | Reached skill level 6 in Dodging
  6291 | D:7      | Reached skill level 4 in Invocations
  6302 | D:7      | Identified the -2 quarterstaff "Hyxkon" {antimagic, Str+2
                  | Dex+2}
  6371 | D:8      | Reached skill level 5 in Invocations
  6473 | D:9      | Noticed a gargoyle
  6474 | D:9      | Reached skill level 4 in Fighting
  6490 | D:9      | Noticed a hippogriff
  6491 | D:9      | Reached XP level 9. HP: 46/46 MP: 16/16
  6494 | D:9      | Reached skill level 5 in Fighting
  6508 | D:9      | HP: 6/47 [kobold brigand (11)]
  6508 | D:9      | HP: 1/47 [kobold brigand (5)]
  6509 | D:9      | Killed from afar by a kobold brigand
  6510 | D:9      | Reached XP level 8. HP: -2/43 MP: 15/15
  6656 | D:9      | Reached skill level 6 in Invocations
  6718 | D:9      | Found Iment's Antique Armour Shoppe.
  6723 | D:9      | Found a blossoming altar of Fedhas.
  6727 | D:9      | Noticed a yaktaur
  6727 | D:9      | Noticed a yaktaur
  6728 | D:9      | Reached skill level 7 in Dodging
  6771 | D:9      | Reached skill level 8 in Dodging
  6792 | D:8      | Found Maptud's Food Emporium.
  6792 | D:8      | Noticed a death yak
  6793 | D:8      | Reached skill level 10 in Translocations
  6793 | D:8      | Reached XP level 9. HP: 47/47 MP: 14/16
  6801 | D:8      | Noticed a death yak
  6802 | D:8      | Reached skill level 9 in Dodging
  6802 | D:8      | Found a staircase to the Lair.
  6819 | D:8      | Reached skill level 6 in Fighting
  6819 | D:8      | Noticed a two-headed ogre
  6820 | D:8      | Reached skill level 5 in Spellcasting
  6820 | D:8      | Received a gift from Nemelex Xobeh
  6852 | D:8      | Noticed a skeletal warrior
  6862 | D:8      | Noticed a death yak
  6863 | D:8      | Reached skill level 6 in Spellcasting
  6863 | D:8      | Reached XP level 10. HP: 24/53 MP: 10/20
  7013 | D:7      | Found an ornate altar of the Wu Jian Council.
  7031 | D:7      | Reached *** piety under Nemelex Xobeh
  7081 | D:7      | Found a staircase to the Ecumenical Temple.
  7173 | D:8      | Noticed a death yak
  7174 | D:8      | Reached skill level 10 in Dodging
  7189 | D:8      | Found Nolykij's Armour Boutique.
  7189 | D:8      | Found a staircase to the Orcish Mines.
  7189 | D:8      | Found Levic's Weapon Boutique.
  7219 | D:8      | Noticed a death yak
  7220 | D:8      | Reached skill level 4 in Evocations
  7256 | Lair:1   | Entered Level 1 of the Lair of Beasts
  7268 | Lair:1   | Reached skill level 7 in Spellcasting
  7306 | Lair:1   | Reached skill level 8 in Stealth
  7312 | Lair:1   | Received a gift from Nemelex Xobeh
  7542 | Lair:1   | Reached skill level 11 in Dodging
  7595 | Lair:1   | Identified the ring "Nulim" {Ice Int+2}
  7595 | Lair:1   | Noticed Fannar
  7696 | Lair:1   | Received a gift from Nemelex Xobeh
  7901 | Lair:2   | Reached **** piety under Nemelex Xobeh
  7916 | Lair:2   | Reached skill level 12 in Dodging
  7936 | Lair:2   | Noticed a cane toad
  7938 | Lair:2   | Killed a cane toad
  8022 | Lair:2   | Reached skill level 5 in Unarmed Combat
  8235 | Lair:2   | Reached XP level 11. HP: 56/56 MP: 22/22
  8438 | Lair:2   | Received a gift from Nemelex Xobeh
  8525 | Lair:2   | Noticed Nergalle
  8526 | Lair:2   | Reached skill level 6 in Unarmed Combat
  8903 | Lair:2   | Noticed an ice dragon
  9000 | Lair:2   | Reached skill level 7 in Fighting
  9152 | Lair:3   | Noticed a five-headed hydra
  9210 | Lair:3   | Reached skill level 9 in Stealth
  9591 | Lair:3   | Found a hole to the Spider Nest.
  9737 | Lair:3   | Noticed a five-headed hydra
 10106 | Lair:3   | Noticed a death yak
 10106 | Lair:3   | Noticed a death yak
 10106 | Lair:3   | Noticed a death yak
 10106 | Lair:3   | Noticed a death yak
 10106 | Lair:3   | Noticed a death yak
 10107 | Lair:3   | Reached skill level 8 in Fighting
 10107 | Lair:3   | Reached skill level 7 in Invocations
 10107 | Lair:3   | Received a gift from Nemelex Xobeh
 10107 | Lair:3   | Noticed a death yak
 10364 | Lair:3   | Killed a five-headed hydra
 10392 | Lair:4   | Noticed an oklob plant
 10393 | Lair:4   | Reached skill level 9 in Fighting
 10403 | Lair:4   | Learned a level 5 spell: Summon Mana Viper
 10488 | Lair:4   | Found an ornate altar of the Wu Jian Council.
 10493 | Lair:4   | Noticed a death yak
 10494 | Lair:4   | Reached skill level 8 in Invocations
 10494 | Lair:4   | Reached skill level 1 in Hexes
 10525 | Lair:4   | Reached ***** piety under Nemelex Xobeh
 10580 | Lair:4   | Noticed a death yak
 10581 | Lair:4   | Reached skill level 3 in Hexes
 10625 | Lair:4   | Killed a death yak
 10668 | Lair:4   | Noticed a four-headed hydra
 10669 | Lair:4   | Reached skill level 4 in Hexes
 10669 | Lair:4   | Gained mutation: Your thick and shaggy fur keeps you warm.
                  | (AC +3, rC+) [Felid growth]
 10669 | Lair:4   | Reached XP level 12. HP: 66/66 MP: 23/23
 10673 | Lair:4   | a four-headed hydra changed into a wolf spider
 10830 | Lair:4   | Reached skill level 5 in Hexes
 11148 | Lair:1   | Noticed a six-headed hydra
 11149 | Lair:1   | Reached skill level 6 in Hexes
 11331 | D:5      | Bought a book of Rebukes for 585 gold pieces
 11335 | D:5      | Learned a level 3 spell: Confuse
 11340 | D:5      | Learned a level 4 spell: Yara's Violent Unravelling
 11922 | Lair:4   | Received a gift from Nemelex Xobeh
 11926 | Lair:4   | Reached skill level 7 in Hexes
 12004 | Lair:4   | Noticed an eight-headed hydra
 12006 | Lair:4   | Noticed a death yak
 12007 | Lair:4   | Reached skill level 8 in Hexes
 12085 | Lair:5   | Received a gift from Nemelex Xobeh
 12372 | Lair:6   | Entered Level 6 of the Lair of Beasts
 12373 | Lair:6   | Reached skill level 9 in Hexes
 12691 | Lair:5   | Noticed an eight-headed hydra
 12692 | Lair:5   | Noticed an ettin
 12692 | Lair:5   | an eight-headed hydra changed into an ettin
 12709 | Lair:5   | Killed an ettin
 12855 | Lair:5   | Reached skill level 8 in Spellcasting
 12982 | Lair:5   | Received a gift from Nemelex Xobeh
 13143 | Lair:6   | Reached skill level 1 in Summonings
 13151 | Lair:6   | Noticed Josephine
 13152 | Lair:6   | Reached skill level 2 in Summonings
 13157 | Lair:6   | Killed Josephine
 13239 | Lair:6   | Noticed a five-headed hydra
 13240 | Lair:6   | Reached skill level 3 in Summonings
 13251 | Lair:6   | Killed a five-headed hydra
 13414 | Lair:6   | Found a staircase to the Spriggan Forest.
 13473 | Forest:1 | Entered Level 1 of the Spriggan Forest
 13474 | Forest:1 | Reached skill level 4 in Summonings
 13504 | Forest:1 | Noticed a spriggan berserker
 13690 | Lair:6   | Received a gift from Nemelex Xobeh
 13830 | Lair:6   | Reached skill level 5 in Summonings
 13960 | Lair:6   | Noticed an anaconda
 13968 | Lair:6   | Killed an anaconda
 13968 | Lair:6   | Noticed a dire elephant
 13969 | Lair:6   | Reached skill level 6 in Summonings
 13973 | Lair:6   | Noticed Sonja
 13975 | Lair:6   | Noticed a dire elephant
 13984 | Lair:6   | Noticed a dire elephant
 13985 | Lair:6   | Reached skill level 9 in Invocations
 13985 | Lair:6   | Reached XP level 13. HP: 70/70 MP: 11/26
 14209 | Lair:6   | Noticed a dire elephant
 14237 | Lair:6   | Killed a dire elephant
 14294 | Lair:6   | Noticed a dire elephant
 14314 | Lair:6   | Killed a dire elephant
 14378 | Lair:6   | Learned a level 6 spell: Dispersal
 14436 | Lair:4   | Reached skill level 10 in Hexes
 14886 | D:8      | Found a hide-covered altar of Uskayaw.
 15016 | D:8      | Reached skill level 11 in Translocations
 15636 | D:9      | Found a portal to a secret trove of treasure.
 15665 | D:9      | Received a gift from Nemelex Xobeh
 15699 | D:10     | Entered Level 10 of the Dungeon
 15805 | D:10     | Found a runed translucent gate.
 15805 | D:10     | Found an opulent altar of Gozag.
 15806 | D:10     | Found a runed translucent gate.
 15806 | D:10     | Found a runed translucent gate.
 15807 | D:10     | Found Hoqox's Assorted Antiques.
 15807 | D:10     | Noticed Turbognida's ghost (journeyman GnAc)
 15989 | D:10     | Reached skill level 12 in Translocations
 16327 | D:10     | Noticed Psyche
 16335 | D:10     | Killed Psyche
 16654 | D:11     | Reached skill level 9 in Spellcasting
 16829 | D:11     | Found a flagged portal.
 16877 | Bailey   | Entered a bailey
 17797 | D:11     | Received a gift from Nemelex Xobeh
 17892 | D:11     | Noticed Kirke
 17893 | D:11     | Reached skill level 10 in Spellcasting
 17914 | D:11     | Killed Kirke
 18035 | D:11     | Found a gate to the Vaults.
 18110 | D:12     | Entered Level 12 of the Dungeon
 18498 | D:12     | Received a gift from Nemelex Xobeh
 18655 | D:12     | Noticed an ice dragon
 18657 | D:12     | Noticed an ice dragon
 18658 | D:12     | Reached skill level 10 in Fighting
 18804 | D:12     | Found a staircase to the Depths.
 19174 | Orc      | Entered the Orcish Mines
 19313 | Orc      | Noticed an ettin
 19328 | Orc      | Killed an ettin
 19636 | Orc      | Reached ****** piety under Nemelex Xobeh
 19725 | Orc      | Found a runed door.
 19725 | Orc      | Found a viscous altar of Jiyva.
 19738 | Orc      | Found a runed translucent door.
 19739 | Orc      | Noticed tronn's ghost (journeyman HuFi)
 19808 | Orc      | Received a gift from Nemelex Xobeh
 19842 | Orc      | Found a staircase to the Slime Pits.
 19943 | Orc      | Reached skill level 13 in Dodging
 20210 | Orc      | Reached XP level 14. HP: 77/77 MP: 29/29
 20555 | Orc      | Found Mymiv's Food Shop.
 20555 | Orc      | Found Serurchualo's Antique Weapon Boutique.
 20556 | Orc      | Found Ciguj's Distillery.
 20560 | Orc      | Found Tahyrch's Jewellery Shop.
 20566 | Orc      | Bought a potion of magic for 90 gold pieces
 20566 | Orc      | Bought a potion of curing for 45 gold pieces
 20566 | Orc      | Bought a potion of haste for 180 gold pieces
 20566 | Orc      | Bought a potion of berserk rage for 54 gold pieces
 20566 | Orc      | Bought a potion of magic for 90 gold pieces
 20566 | Orc      | Bought a potion of resistance for 180 gold pieces
 20571 | Orc      | Bought a +3 ring of protection for 310 gold pieces
 22068 | Lair:2   | Reached skill level 13 in Translocations
 22246 | Lair:2   | Killed Nergalle
 22469 | Spider:1 | Entered Level 1 of the Spider Nest
 22469 | Spider:1 | Noticed an emperor scorpion
 22518 | Spider:1 | Killed an emperor scorpion
 22540 | Spider:1 | Received a gift from Nemelex Xobeh
 23122 | Spider:1 | Noticed an emperor scorpion
 23139 | Lair:3   | HP: 7/77 [wolf spider (11)]
 23139 | Lair:3   | HP: 2/77 [wolf spider (5)]
 23529 | Spider:1 | Killed an emperor scorpion
 23653 | Spider:1 | Reached skill level 11 in Fighting
 23785 | Spider:1 | Learned a level 7 spell: Controlled Blink
 24105 | Spider:1 | Received a gift from Nemelex Xobeh
 24302 | Spider:2 | Noticed a ghost moth
 24312 | Spider:2 | Killed a ghost moth
 24388 | Spider:2 | Noticed an entropy weaver
 24394 | Spider:2 | Killed an entropy weaver
 24466 | Spider:2 | Reached skill level 14 in Translocations
 24677 | Spider:2 | Received a gift from Nemelex Xobeh
 25033 | Spider:2 | Received a gift from Nemelex Xobeh
 25137 | Spider:3 | Entered Level 3 of the Spider Nest
 25137 | Spider:3 | Noticed a ghost moth
 25143 | Spider:3 | Killed a ghost moth
 25426 | Spider:3 | Received a gift from Nemelex Xobeh
 25606 | Spider:3 | Reached skill level 15 in Translocations
 25736 | Spider:3 | Noticed a ghost moth
 26621 | Spider:3 | Reached skill level 16 in Translocations
 26627 | Spider:3 | Noticed an emperor scorpion
 26628 | Spider:3 | Reached skill level 5 in Evocations
 26629 | Spider:3 | Noticed an emperor scorpion
 26630 | Spider:3 | Noticed a ghost moth
 26633 | Spider:3 | Reached skill level 6 in Evocations
 26636 | Spider:3 | Identified a lightning rod (4/4) (You found it on level 1
                  | of the Spider Nest)
 26636 | Spider:3 | Got a gossamer rune of Zot
 26972 | Lair:3   | Found a staircase to the Swamp.
 27019 | Swamp:1  | Entered Level 1 of the Swamp
 27047 | Swamp:1  | Reached skill level 7 in Evocations
 27133 | Swamp:1  | Received a gift from Nemelex Xobeh
 27561 | Swamp:2  | Reached XP level 15. HP: 82/82 MP: 30/30
 27562 | Swamp:2  | Reached skill level 10 in Stealth
 27642 | Swamp:1  | HP: 9/82 [will-o'-wisp (10)]
 27660 | Swamp:1  | Reached skill level 11 in Hexes
 27853 | Swamp:1  | HP: 9/82 [bog body/bolt of cold (6)]
 28024 | Swamp:1  | Found a bloodstained altar of Trog.
 28026 | Swamp:1  | Identified the +11 demon whip "Garommeha" {distort, +Blink
                  | rElec rPois Str+3}
 28028 | Swamp:1  | Reached skill level 12 in Hexes
 28094 | Swamp:1  | Noticed captivecurve's ghost (journeyman TrMA)
 28097 | Swamp:1  | Found a transporter.
 28558 | Swamp:2  | Noticed a thorn hunter
 28733 | Swamp:3  | Entered Level 3 of the Swamp
 28734 | Swamp:3  | Reached skill level 13 in Hexes
 28857 | Swamp:2  | Received a gift from Nemelex Xobeh
 28982 | Swamp:2  | Killed a thorn hunter
 29158 | Swamp:2  | Identified the +1 robe of Paosal {+Fly Int+7}
 29173 | Swamp:3  | Noticed Louise
 29184 | Swamp:3  | Killed Louise
 29807 | Swamp:3  | Noticed a thorn hunter
 29808 | Swamp:3  | Reached skill level 14 in Dodging
 29808 | Swamp:3  | Reached skill level 11 in Spellcasting
 30614 | D:5      | Bought a book of Debilitation for 520 gold pieces
 30617 | D:5      | Learned a level 2 spell: Shackle
 30739 | Vaults:1 | Entered Level 1 of the Vaults
 30749 | Vaults:1 | Noticed a vault warden
 30756 | Vaults:1 | Reached skill level 10 in Invocations
 30758 | Vaults:1 | Killed a vault warden
 30921 | Vaults:1 | Received a gift from Nemelex Xobeh
 31579 | Vaults:1 | Found Plog's Assorted Antiques.
 31584 | Vaults:1 | Reached XP level 16. HP: 87/87 MP: 32/32
 31608 | Vaults:1 | Bought a potion of heal wounds for 185 gold pieces
 31683 | Vaults:1 | Received a gift from Nemelex Xobeh
 31761 | Vaults:1 | Reached skill level 7 in Summonings
 31762 | Vaults:1 | Reached skill level 11 in Invocations
 32020 | Vaults:1 | Identified the -1 long sword of Fate {slice, rElec Str-3
                  | Dex+3}
 32021 | Vaults:1 | HP: 3/87 [centaur warrior/arrow (22)]
 32648 | Vaults:1 | Reached skill level 8 in Summonings
 32911 | Vaults:1 | Noticed a frost giant
 33790 | Vaults:1 | Killed a frost giant
 34113 | Vaults:1 | Reached skill level 9 in Summonings
 34379 | Vaults:1 | Received a gift from Nemelex Xobeh
 34381 | Vaults:1 | Found a staircase to the Crypt.
 34381 | Vaults:1 | Found a basalt altar of Yredelemnul.
 34382 | Vaults:1 | Found an ancient bone altar of Kikubaaqudgha.
 34535 | Vaults:1 | Found the +8 glaive of the Guard {elec, +Rage AC+5 SInv}
 34640 | Vaults:1 | HP: 8/87 [yaktaur captain/bolt (37)]
 35295 | Vaults:1 | Shot with a bolt by a yaktaur captain
 35296 | Vaults:1 | Reached XP level 15. HP: 0/82 MP: 27/31
 35706 | Vaults:2 | Noticed a vault warden
 35716 | Vaults:2 | Reached skill level 12 in Spellcasting
 35760 | Vaults:1 | Learned a level 6 spell: Summon Hydra
 35889 | Vaults:2 | Hit by a large rock thrown by a stone giant
 35890 | Vaults:2 | Reached XP level 14. HP: -10/79 MP: 13/31
 35986 | Vaults:2 | Noticed a brown very ugly thing
 36003 | Vaults:2 | Killed a brown very ugly thing
 36065 | Vaults:2 | Reached skill level 10 in Summonings
 36241 | Vaults:2 | Noticed an ironheart preserver
 36250 | Vaults:2 | Noticed a deep elf annihilator
 36251 | Vaults:2 | Noticed a deep elf annihilator
 36254 | Vaults:2 | Killed an ironheart preserver
 36255 | Vaults:2 | Killed a deep elf annihilator
 36261 | Vaults:2 | Killed a deep elf annihilator
 36315 | Vaults:2 | Noticed an orc warlord
 36499 | Vaults:2 | Noticed a vault warden
 36521 | Vaults:2 | Killed a vault warden
 36524 | Vaults:2 | Killed an orc warlord
 36646 | Vaults:2 | Reached XP level 15. HP: 52/82 MP: 32/32
 36766 | Vaults:2 | Reached skill level 11 in Summonings
 36873 | Vaults:2 | Found Wadoycky's Distillery.
 36881 | Vaults:2 | Bought a potion of curing for 35 gold pieces
 36881 | Vaults:2 | Bought a potion of resistance for 140 gold pieces
 36881 | Vaults:2 | Bought a potion of heal wounds for 70 gold pieces
 36881 | Vaults:2 | Bought 2 potions of haste for 280 gold pieces
 36881 | Vaults:2 | Bought a potion of agility for 56 gold pieces
 37371 | Vaults:2 | Killed a vault warden
 37439 | Vaults:2 | Noticed a fire giant
 37458 | Vaults:2 | Killed a fire giant
 38230 | Vaults:2 | Noticed a vault warden
 38243 | Vaults:2 | Killed a vault warden
 38294 | Vaults:2 | Received a gift from Nemelex Xobeh
 38307 | Vaults:2 | Noticed a vault warden
 38308 | Vaults:2 | Reached skill level 12 in Summonings
 38319 | Vaults:2 | Killed a vault warden
 38846 | Vaults:2 | Noticed an orc warlord
 39556 | Lair:6   | Killed Sonja
 39895 | Forest:1 | Received a gift from Nemelex Xobeh
 40470 | Forest:1 | Received a gift from Nemelex Xobeh
 40848 | Forest:2 | Noticed a wendigo
 40893 | Forest:2 | Killed a wendigo
 40947 | Forest:2 | Noticed an apis
 40948 | Forest:2 | Reached skill level 13 in Summonings
 41823 | Forest:3 | Entered Level 3 of the Spriggan Forest
 42097 | Forest:3 | Noticed a caustic shrike
 42529 | Crypt:1  | Entered Level 1 of the Crypt
 42530 | Crypt:1  | Reached skill level 13 in Spellcasting
 42530 | Crypt:1  | Reached XP level 16. HP: 87/87 MP: 32/34
 42601 | Vaults:1 | Learned a level 7 spell: Monstrous Menagerie
 42875 | Orc      | Bought an uncursed ring of wizardry for 345 gold pieces
 43047 | Depths:1 | Entered Level 1 of the Depths
 43324 | Depths:1 | HP: 8/87 [stone giant/large rock (44)]
 43560 | Depths:1 | Found a one-way gate leading to the halls of Pandemonium.
 43592 | Depths:1 | Received a gift from Nemelex Xobeh
 44172 | Depths:1 | Reached skill level 14 in Summonings
 44641 | Depths:1 | Noticed Nikola
 44834 | Depths:2 | Noticed a sphinx
 44842 | Depths:2 | Killed a sphinx
 44948 | Depths:2 | Received a gift from Nemelex Xobeh
 44958 | Depths:2 | Reached skill level 12 in Invocations
 45200 | Depths:2 | Found a gateway to Hell.
 45227 | Depths:2 | Noticed a frost giant
 45236 | Depths:2 | Killed a frost giant
 45272 | Depths:2 | Noticed a frost giant
 45764 | Depths:1 | HP: 7/88 [spriggan air mage/bolt of lightning[a spriggan
                  | defender] (19)]
 45777 | Depths:1 | Killed from afar by a spriggan defender
 45778 | Depths:1 | Reached XP level 15. HP: -7/84 MP: 3/33
 45792 | Depths:2 | Noticed a frost giant
 45818 | Depths:2 | Killed a frost giant
 45846 | Depths:2 | Noticed a lich
 45915 | Depths:2 | Noticed a sphinx
 45924 | Depths:2 | Reached skill level 12 in Fighting
 45924 | Depths:2 | Killed a sphinx
 45974 | Depths:2 | Noticed a frost giant
 46286 | Depths:2 | Reached XP level 16. HP: 29/88 MP: 2/34
 46976 | Swamp:1  | Received a gift from Nemelex Xobeh
 47406 | Swamp:1  | Found a transporter.
 47664 | Swamp:2  | Cast into level 1 of the Abyss (miscasting Monstrous
                  | Menagerie)
 47676 | Abyss:1  | Received a gift from Nemelex Xobeh
 47765 | Abyss:3  | Found a corrupted altar of Lugonu.
 47855 | Abyss:3  | Found a snail-covered altar of Cheibriados.
 47859 | Abyss:3  | Reached skill level 15 in Dodging
 47870 | Abyss:3  | Received a gift from Nemelex Xobeh
 47991 | Abyss:3  | HP: 12/88 [burnt (8)]
 48039 | Abyss:3  | Identified the -1 quarterstaff "Ashuor" {crush, +Fly rElec
                  | rPois Dex-2}
 48257 | Abyss:4  | Noticed a tentacled starspawn
 48284 | Abyss:4  | Identified the -1 trident "Xoetytt" {drain, rElec rPois
                  | Str-5 Int+2}
 48306 | Abyss:4  | Received a gift from Nemelex Xobeh
 48306 | Abyss:4  | Noticed a deep elf blademaster
 48306 | Abyss:4  | Noticed a thorn hunter
 48307 | Abyss:4  | Reached skill level 13 in Invocations
 48307 | Abyss:4  | Noticed a thorn hunter
 48307 | Abyss:4  | a shambling mangrove changed into a thorn hunter
 48307 | Abyss:4  | a thorn hunter changed into a shambling mangrove
 48307 | Abyss:4  | a deep elf blademaster changed into a snapping turtle
 48312 | Abyss:4  | Killed a thorn hunter
 48313 | Abyss:4  | Noticed a revenant
 48316 | Abyss:4  | Noticed a deep elf blademaster
 48319 | Abyss:4  | Got an abyssal rune of Zot
 48321 | Abyss:5  | Entered Level 5 of the Abyss
 48321 | Abyss:5  | Entered Level 5 of the Abyss
 48375 | Abyss:5  | Received a gift from Nemelex Xobeh
 48503 | Abyss:5  | Reached skill level 14 in Spellcasting
 48529 | Abyss:5  | Received a gift from Nemelex Xobeh
 48549 | Abyss:5  | Noticed a tentacled starspawn
 48552 | Swamp:2  | Escaped the Abyss
 49047 | Swamp:3  | Killed a thorn hunter
 49299 | Swamp:3  | Got a decaying rune of Zot
 49938 | Hell     | Entered the Vestibule of Hell
 49938 | Hell     | Received a gift from Nemelex Xobeh
 49938 | Hell     | Noticed Geryon
 49939 | Hell     | Reached skill level 11 in Stealth
 50249 | Depths:2 | Cast into level 2 of the Abyss (miscasting Monstrous
                  | Menagerie)
 50252 | Abyss:2  | Found a corrupted altar of Lugonu.
 50272 | Abyss:2  | Found a corrupted altar of Lugonu.
 50320 | Depths:2 | Escaped the Abyss
 50386 | Depths:2 | Identified a scroll of acquirement
 50543 | Depths:2 | Received a gift from Nemelex Xobeh
 50721 | Depths:3 | Noticed a storm dragon
 50722 | Depths:3 | Reached skill level 12 in Stealth
 50765 | Depths:3 | Noticed a wendigo
 50924 | Depths:3 | Received a gift from Nemelex Xobeh
 50931 | Depths:3 | HP: 6/88 [fire giant/fireball (19)]
 50940 | Depths:2 | Noticed Bai Suzhen
 50941 | Depths:2 | Reached XP level 17. HP: 9/93 MP: 16/36
 51065 | Depths:3 | Noticed a lich
 51066 | Depths:3 | Reached skill level 13 in Stealth
 51078 | Depths:3 | Noticed a tentacled monstrosity
 51080 | Depths:3 | Noticed a juggernaut
 51714 | Depths:1 | Identified the +3 executioner's axe of Death's Door
                  | {antimagic, Str+2 Int+3}
 51723 | Depths:1 | Killed Nikola
 51930 | Depths:1 | Identified the cursed +1 falchion "Grim" {flame, rElec
                  | Dex+3}
 52241 | Depths:1 | Found a corrupted altar of Lugonu.
 52707 | Forest:2 | Received a gift from Nemelex Xobeh
 54006 | Forest:3 | Noticed a caustic shrike
 54007 | Forest:3 | Reached skill level 15 in Spellcasting
 54478 | Forest:2 | Noticed a wendigo
 54482 | Forest:2 | Killed a wendigo
 55118 | Forest:2 | Received a gift from Nemelex Xobeh
 55367 | Forest:2 | Learned a level 7 spell: Malign Gateway
 55715 | Forest:3 | Reached skill level 16 in Spellcasting
 55725 | Forest:3 | Received a gift from Nemelex Xobeh
 55809 | Forest:3 | Killed a caustic shrike
 55812 | Forest:3 | Identified the +7 faerie dragon scales {+Fly rCorr Int+3}
 55812 | Forest:3 | Noticed the Enchantress
 55813 | Forest:3 | Reached skill level 14 in Stealth
 56426 | Depths:3 | Killed a juggernaut
 56768 | Depths:3 | Reached skill level 8 in Evocations
 56822 | Depths:3 | Noticed a golden dragon
 56841 | Depths:3 | Killed a golden dragon
 56992 | Depths:3 | Noticed a tentacled monstrosity
 57003 | Depths:3 | Killed a tentacled monstrosity
 57138 | Depths:3 | Reached XP level 18. HP: 98/98 MP: 32/39
 57228 | Depths:3 | Killed a wendigo
 57461 | Depths:3 | Found a one-way gate to the infinite horrors of the Abyss.
 57760 | Depths:3 | Killed a lich
 58012 | Depths:3 | Killed a tentacled monstrosity
 58245 | Depths:4 | Noticed a wendigo
 58567 | Depths:5 | Entered Level 5 of the Depths
 58575 | Depths:5 | Noticed a juggernaut
 58576 | Depths:5 | Reached skill level 13 in Fighting
 58583 | Depths:5 | Killed a juggernaut
 58696 | Depths:5 | Noticed a lich
 58708 | Depths:5 | Killed a lich
 58782 | Depths:4 | Killed a lich
 59078 | Depths:4 | Reached skill level 15 in Stealth
 59665 | Depths:4 | Noticed a rockslime
 59680 | Depths:4 | Killed a rockslime
 59772 | Depths:4 | Reached skill level 16 in Stealth
 59776 | Depths:4 | Noticed a tentacled monstrosity
 59780 | Depths:4 | HP: 15/100 [tentacled monstrosity (5)]
 59780 | Depths:4 | HP: 7/100 [tentacled monstrosity (8)]
 59782 | Depths:4 | HP: 2/100 [tentacled monstrosity (6)]
 59803 | Depths:4 | HP: 7/100 [fire giant/fireball (24)]
 60018 | Depths:3 | Killed a tentacled monstrosity
 60296 | Depths:4 | Identified the amulet "Noneppia" {Rage rF+ rC+} (You
                  | acquired it on level 4 of the Depths)
 60296 | Depths:4 | Identified Sophisticated Spellcraft (You acquired it on
                  | level 4 of the Depths)
 60405 | Depths:4 | Learned a level 6 spell: Aura of Abjuration
 60830 | Depths:4 | Noticed a tentacled monstrosity
 60832 | Depths:4 | Killed a tentacled monstrosity
 61158 | Depths:4 | Identified the cursed +3 glaive of Odemohim {freeze, MR+
                  | Str+5}
 61428 | Depths:4 | Noticed a lich
 61604 | Depths:4 | Killed a lich
 61851 | Depths:4 | Identified the +1 medium shield "Gilumos" {MR+ Int+7}
 62451 | Depths:4 | Received a gift from Nemelex Xobeh
 62459 | Depths:4 | Noticed a wendigo
 62460 | Depths:4 | Reached skill level 14 in Invocations
 62470 | Depths:4 | Killed a wendigo
 62788 | Depths:4 | Identified the +1 scale mail of the Boiling Point {Int+3
                  | Slay+2}
 62996 | Depths:4 | Noticed a golden dragon
 63026 | Depths:4 | Killed a golden dragon
 63185 | Depths:5 | Found Vefurch's Gadget Shop.
 63185 | Depths:5 | Found Jyokible's Jewellery Shoppe.
 63186 | Depths:5 | Found Wola Eri's Jewellery Shoppe.
 63939 | Depths:5 | HP: 5/100 [yaktaur captain/bolt (42)]
 63940 | Depths:5 | Shot with a bolt by a yaktaur captain

Skill      XL: |  1  2  3  4  5  6  7  8  9 10 11 12 13 14 15 16 17 18 |
---------------+-------------------------------------------------------+-----
Stealth        | 1 2 3 4 5 7 8 9 10 12 14 16 | 16.0
Dodging        | 3 8 9 12 13 14 15 | 15.0
Translocations | 5 9 10 12 16 | 16.0
Unarmed Combat | 1 3 4 5 6 |  6.0
Fighting       | 3 4 6 9 10 11 12 13 | 13.0
Invocations    | 1 3 6 8 9 10 13 14 | 14.0
Evocations     | 3 4 7 8 |  8.0
Spellcasting   | 4 6 7 8 10 13 14 16 | 16.0
Hexes          | 4 9 10 13 | 13.0
Summonings     | 6 10 13 14 | 14.4

Action                   |  1- 3 |  4- 6 |  7- 9 | 10-12 | 13-15 | 16-18 || total
-------------------------+-------+-------+-------+-------+-------+-------++-------
Melee: Unarmed           |   173 |   127 |   153 |   479 |   812 |   143 ||  1887
       Bite              |    13 |    12 |    10 |    49 |    98 |    24 ||   206
       Punch             |       |     3 |     3 |    14 |    27 |     2 ||    49
 Cast: Blink Other       |     7 |     4 |     1 |       |       |       ||    12
       Teleport Other    |       |    19 |    25 |    49 |     4 |       ||    97
       Blink             |       |     1 |       |     5 |    18 |     1 ||    25
       Passage of Golubr |       |       |     6 |    21 |    35 |    55 ||   117
       Confuse           |       |       |       |    29 |   298 |   137 ||   464
       Summon Mana Viper |       |       |       |    16 |   566 |   235 ||   817
       Dispersal         |       |       |       |       |    29 |    44 ||    73
       Apportation       |       |       |       |       |     3 |     1 ||     4
       Yara's Violent Un |       |       |       |       |     1 |       ||     1
       Summon Hydra      |       |       |       |       |   117 |       ||   117
       Controlled Blink  |       |       |       |       |    43 |    83 ||   126
       Monstrous Menager |       |       |       |       |    17 |   330 ||   347
       Shackle           |       |       |       |       |     1 |     1 ||     2
       Malign Gateway    |       |       |       |       |       |    42 ||    42
Invok: Deal Four         |       |       |       |     1 |     2 |    16 ||    19
       Triple Draw       |       |       |       |       |     1 |     1 ||     2
       Stack Five        |       |       |       |       |     1 |     1 ||     2
 Abil: Draw Summoning    |       |       |     5 |     6 |    34 |    31 ||    76
       Draw Destruction  |       |       |     2 |    12 |    19 |    17 ||    50
       Draw Escape       |       |       |       |       |     4 |     8 ||    12
       Draw Stack        |       |       |       |       |     1 |     6 ||     7
Evoke: Wand              |       |       |       |    33 |    42 |    40 ||   115
       Sack of spiders   |       |       |       |       |     2 |     2 ||     4
       Lightning rod     |       |       |       |       |     1 |    10 ||    11
  Use: Scroll            |     7 |     7 |     1 |     9 |    17 |    27 ||    68
       Potion            |       |       |     1 |     1 |     5 |    29 ||    36
 Stab: Sleeping          |     4 |     4 |     9 |    11 |    19 |     2 ||    49
       Distracted        |       |     1 |       |     1 |    11 |     7 ||    20
       Confused          |       |       |     1 |    16 |    52 |    11 ||    80
       Paralysed         |       |       |       |     2 |     1 |       ||     3
       Invisible         |       |       |       |       |     1 |       ||     1
  Eat: Chunk             |    14 |    11 |    11 |    36 |   169 |   152 ||   393
       Ration            |       |       |       |     1 |    16 |    17 ||    34
Armor: Skin              |    11 |     7 |    12 |    14 |    66 |    25 ||   135
Dodge: Dodged            |   135 |    93 |   156 |   548 |  1473 |   544 ||  2949

Levels and vault maps discovered:
D:1:      dpeg_arrival_rhombus, layout_basic
D:2:      layout_basic, nicolae_overflow_crystal_walls
D:3:      layout_basic, lemuel_round_altar
D:4:      layout_loops_ring, xom_butterflies, nemelex_xobeh_ov_fountains_minmay,
          serial_shops, nicolae_shop_overgrown_old_shop, nicolae_shop_crystal,
          shop, shop, nicolae_shop_crystal, first_ration, uniq_edmund
D:5:      layout_rooms, gammafunk_ghost_nasty_kobolds, serial_shops,
          shop_fountains
D:6:      layout_cave_pools, marbit_many_paths, serial_shops,
          nicolae_shop_statue_plus, hex_large, fedhas_bush_and_centaur_altar
D:7:      layout_loops_ring, nicolae_wu_jian_wuxing_cycle, temple_hall,
          serial_shops, nicolae_shop_trees, basic_altar, grunt_ogre_cave
D:8:      layout_rooms, dancing_weapons_uskayaw, dpeg_lair_monsters,
          orc_david_3, serial_shops, nicolae_shop_waterfront, st_stairs_12,
          minmay_misc_feat_plants, chequers_serial_rivers_room_a
D:9:      layout_irregular_city, basic_altar, nicolae_trove_entry_crystal,
          serial_shops, shop, minmay_unpleasant_kobolds
D:10:     layout_roguey, ebering_ghost_gozag, kennysheep_generic_room_4,
          uniq_psyche
D:11:     layout_roguey, david_vaults_1, enter_bailey_2,
          minmay_fractal_squares_gapless_5, uniq_kirke
D:12:     grunt_enter_depths_hoard, layout_loops_ring, bloody_trog, special_room
          [special_room_orc]
Lair:1:   layout_gridlike, uniq_fannar
Lair:2:   minmay_lair_oklob_tunnel, layout_small_grid, ice2_lemuel,
          uniq_nergalle
Lair:3:   layout_cave_pods, nicolae_swamp_entry_splash_gauntlet,
          spider_nest_entry_web_field
Lair:4:   layout_gridlike, basic_altar, grunt_megastairs_1
Lair:5:   pond_and_an_island_with_a_cottage, layout_cave_pods, st_stairs_12,
          dpeg_oklob_1
Lair:6:   due_jungle_book, layout_gridlike, dummy_forest_entry,
          grunt_megastairs_4, lemuel_fruit_fields, uniq_sonja, uniq_josephine
Swamp:1:  layout_falls_marsh, gammafunk_ghost_wrathful_warriors,
          hangedman_swamp_blocks, swamp_pool2, hangedman_swamp_lotus,
          infiniplex_staircase_pool
Swamp:2:  layout_basic_swamp, hangedman_swamp_ruin_wall
Swamp:3:  swamp_alternative, layout_basic_swamp, swamp_pool4, uniq_louise,
          uniq_aizul
Spider:1: layout_spider_delve
Spider:2: layout_chambers, worms_lemuel
Spider:3: spider_rune_water, spider_trap, nicolae_looking_at_the_future
Orc:      st_orc_mages, layout_diamond_mine, slime_altar_2,
          ebering_ghost_inner_flame
Vaults:1: ontoclasm_vaults_pinch, minmay_guarded_unrand_guard_vaults,
          minmay_crypt_entry_necro_gods, ontoclasm_vaults_bender,
          vaults_standard_mumra_lines, v_alt_pattern_3, vaults_mumra_lcd,
          v_misc_22, vaults_room_corners, nicolae_vaults_little_squares_6,
          layout_vaults_omnibox, serial_shops, nicolae_shop_statue_plus
Vaults:2: vaults_mumra_minichess_inversion, grunt_vaults_diagonal, v_misc_25,
          nicolae_vaults_octagons, serial_ice_m, vaults_room_boxed, v_misc_15,
          vaults_standard_mumra_enter_the_diamond, v_misc_31,
          ontoclasm_vaults_spin, vaults_mumra_chevron_long,
          hangedman_vaults_maws, ontoclasm_vaults_ring_small,
          layout_vaults_maze, serial_shops, shop
Forest:1: layout_twisted_forest, grunt_forest_small_clearing_pond,
          grunt_forest_large_clearing_statues
Forest:2: layout_twisted_forest, kb_forest_spriggan_shepherd
Forest:3: grunt_forest_end_winery, layout_twisted_forest
Crypt:1:  layout_misc_corridors, grunt_ministairs_9, nicolae_crypt_small_crypt,
          amcnicky_mini_pool_small, uniq_mara
Depths:1: layout_gridlike, pan_entry, grunt_hell_entry_demonic_statue,
          spider_trap, minmay_misc_feat_cross, tgw_lugonu_bribe,
          grunt_megastairs_5, uniq_nikola
Depths:2: kennysheep_ogre_elephant_herders, layout_gridville,
          minmay_staircase_statues, hellmouth_1, minivault_16,
          reono_crystal_passage, uniq_bai_suzhen
Depths:3: minmay_chopped_fan, layout_gridlike, minmay_room_of_horrors,
          hangedman_abyss_or_decor_stagger, pf_hell_entry_tar_spiral, pan_entry,
          infiniplex_staircase_spiral
Depths:4: minmay_the_grid_octo_2x2 [minmay_the_grid_octo_thin_diamonds,
          minmay_the_grid_octo_checkerflower, minmay_the_grid_octo_clover,
          minmay_the_grid_octo_prize_single_spiral], layout_honeycomb,
          minmay_misc_feat_x, hell_entry, rand_demon_pan_entry_5,
          hangedman_abyss_entry_splay, serial_bayou_shore_b,
          infiniplex_staircase_zigzag_1
Depths:5: grunt_x_marks_the_spot, layout_cave_shapes, enter_ziggurat_c,
          serial_glass, glass_columns_b, glass_columns_a, glass_columns_a,
          glass_columns_b, hell_entry, abyss_entry,
          hangedman_decor_diamond_cutter, chequers_serial_rivers_micro_e,
          minmay_hidden_floor, minmay_shop_grove, serial_bayou_shore_b
Hell

Table legend:
 A = Turns spent in this place as a percentage of turns spent in the entire game.
 B = Non-inter-level travel turns spent in this place as a percentage of non-inter-level travel turns spent in the entire game.
 C = Inter-level travel turns spent in this place as a percentage of turns spent in this place.
 D = Turns resting spent in this place as a percentage of non-inter-level travel turns spent in this place.
 E = Turns spent auto-exploring this place as a percentage of non-inter-level travel turns spent in this place.
 F = Non-inter-level travel turns spent in this place divided by the number of levels of this place that you've seen.
                   A       B       C       D       E      F
               +-------+-------+-------+-------+-------+----------------------
         Total | 100.0 | 100.0 |   6.9 |  31.7 |  26.3 | 1353.0
       Dungeon |  21.5 |  20.3 |  12.0 |  17.8 |  30.2 | 1007.4
          Lair |  17.0 |  16.5 |   9.2 |  29.2 |  14.2 | 1641.3
         Swamp |   7.7 |   8.0 |   3.0 |  39.8 |  21.4 | 1595.7
   Spider Nest |   5.5 |   5.8 |   2.1 |  37.0 |  22.9 | 1153.3
  Orcish Mines |   2.7 |   2.7 |   8.2 |  14.8 |  48.2 | 1610.0
        Vaults |  13.3 |  13.2 |   7.3 |  37.9 |  29.0 | 3937.0
Spriggan Forest |   9.3 |   9.4 |   6.0 |  26.4 |  50.2 | 1863.0
         Crypt |   0.0 |   0.0 |   0.0 |   0.0 |   0.0 |   2.0
        Depths |  20.9 |  21.7 |   3.2 |  44.1 |  22.6 | 2585.2
          Hell |   0.0 |   0.0 |   0.0 |   0.0 |   0.0 |   2.0
         Abyss |   1.5 |   1.6 |   0.0 |   2.7 |   0.0 | 159.8
        Bailey |   0.6 |   0.7 |   0.0 |  61.2 |  11.1 | 387.0
               +-------+-------+-------+-------+-------+----------------------
